 Dungeon Crawl Stone Soup version 0.24.1-14-gf8d2b509d9 (webtiles) character file.

Game seed: 9665213470381948524, levelgen mode: deterministic

10413 KlarStein the Cleaver (level 11, -8/100 HPs)
             Began as a Hill Orc Fighter on July 6, 2020.
             Was a High Priest of Okawaru.
             Splashed by an oklob plant's acid (17 damage)
             ... on level 2 of the Lair of Beasts.
             The game lasted 02:33:19 (10735 turns).

KlarStein the Cleaver (Hill Orc Fighter)           Turns: 10735, Time: 02:33:22

Health: -8/100     AC:  0    Str: 23    XL:     11   Next: 61%
Magic:  3/3        EV:  7    Int: 11    God:    Okawaru [*****.]
Gold:   546        SH: 12    Dex: 10    Spells: 10/10 levels left

rFire    + . .     SeeInvis +   H - +2 war axe (antimagic)
rCold    + . .     Gourm    .   c - +0 shield
rNeg     . . .     Faith    .   u - +1 chain mail {MR+}
rPois    .         Spirit   .   b - +1 helmet {Int+3}
rElec    .         Reflect  .   O - scarf {rC+ rF+}
rCorr    .         Harm     .   C - +2 pair of gloves
MR       +....                  N - +0 pair of boots
Stlth    ..........             o - amulet of magic regeneration
HPRegen  0.26/turn              l - +3 ring of slaying
MPRegen  0.33/turn              D - ring of see invisible

@: corroded, very slightly contaminated
A: no striking features
a: Heroism, Finesse, Renounce Religion


You were on level 2 of the Lair of Beasts.
You worshipped Okawaru.
Okawaru was extremely pleased with you.
You were not hungry.

You visited 3 branches of the dungeon, and saw 12 of its levels.

You collected 748 gold pieces.
You spent 202 gold pieces at shops.

Inventory:

Hand Weapons
 a - a +1 war axe of chopping
 H - a +2 antimagic war axe (weapon)
 K - a +3 trident
Missiles
 r - 3 curare-tipped darts
 x - 5 atropa-tipped darts (quivered)
Armour
 b - a +1 helmet of intelligence (worn)
 c - a +0 shield (worn)
 s - a +0 plate armour
 u - a +1 chain mail of magic resistance (worn)
 C - a +2 pair of gloves (worn)
 N - a +0 pair of boots (worn)
 O - a scarf of resistance (worn)
Jewellery
 j - an uncursed ring of protection from cold
 l - a +3 ring of slaying (left hand)
 o - an amulet of magic regeneration (around neck)
 D - a ring of see invisible (right hand)
Wands
 t - a wand of polymorph (1)
 G - a wand of random effects (6)
 L - a wand of flame (4)
Scrolls
 i - a scroll of enchant weapon
 p - 5 scrolls of teleportation
 w - 5 scrolls of remove curse
 E - a scroll of enchant armour
Potions
 d - 2 potions of might
 e - a potion of curing
 g - 2 potions of brilliance {unknown}
 k - a potion of cancellation {unknown}
 m - a potion of resistance {unknown}
 n - 5 potions of heal wounds
 q - 4 potions of agility
 v - 6 potions of lignification
 z - 2 potions of invisibility {unknown}
 A - a potion of mutation {unknown}
 B - 2 potions of ambrosia {unknown}
 F - a potion of flight {unknown}
 I - a potion of haste {unknown}
Miscellaneous
 J - a lightning rod (4/4)
Comestibles
 f - 9 rations


   Skills:
 + Level 10.3 Fighting
 * Level 14.3 Axes
 + Level 9.4 Armour
 + Level 9.5 Shields


You had 10 spell levels left.
You didn't know any spells.
Your spell library contained the following spells:

 Spells                   Type           Power        Failure   Level  Hunger
 Sandblast                Erth           #.....       99%         1    ##.....
 Summon Small Mammal      Summ           #...         99%         1    ##.....
 Call Imp                 Summ           #.......     99%         2    ###....
 Passwall                 Tmut/Erth      #.......     99%         2    ###....
 Call Canine Familiar     Summ           #.......     100%        3    ####...
 Stone Arrow              Conj/Erth      #.....       100%        3    ####...
 Summon Guardian Golem    Hex/Summ       #.......     100%        3    ####...
 Petrify                  Tmut/Erth      #.......     100%        4    #####..
 Summon Ice Beast         Ice/Summ       #.......     100%        4    #####..
 Summon Lightning Spire   Summ/Air       #.......     100%        4    #####..
 Lee's Rapid Deconstruct  Erth           #.........   100%        5    ######.


Dungeon Overview and Level Annotations

Branches:
Dungeon (9/15)             Temple (1/1) D:4            Lair (2/6) D:9
  Swamp: Lair:2-4    Shoals: Lair:2-4     Snake: Lair:2-4    Spider: Lair:2-4
    Orc: D:9-12

Altars:
Ashenzari
Cheibriados
Dithmenos
Elyvilon
Fedhas
Gozag
Hepliaklqana
Kikubaaqudgha
Makhleb
Nemelex Xobeh
Okawaru
Qazlal
Ru
Sif Muna
Trog
Uskayaw
Vehumet
Wu Jian
Xom
Yredelemnul
Zin
The Shining One

Shops:
D:4 [   D:8 }

Annotations:
Lair:2 exclusion: oklob plant


Message History

You slash the oklob plant!
The oklob plant is almost destroyed.
You hit the bush. You hit the bush but do no damage. x3
The oklob plant spits acid at you. The splash of acid hits you.
The acid corrodes you!
You are splashed with acid!
You hit the oklob plant but do no damage.
The oklob plant is almost destroyed.
You hit the bush but do no damage. You hit the bush.
You hit the bush but do no damage. x2
The oklob plant spits acid at you. The splash of acid hits you!
The acid corrodes you!
You are splashed with acid!
* * * LOW HITPOINT WARNING * * *
You hit the oklob plant but do no damage.
The oklob plant is almost destroyed.
You hit the bush but do no damage. x4
The oklob plant spits acid at you. The splash of acid hits you!
* * * LOW HITPOINT WARNING * * *
You are splashed with acid!
You die...

##.P.......<...........
#......................
.#.....................
#......................
.#.....#..'##........#
#...#......##.#'.+###...
#.#..........##.....# ..
.......?...###.....# ...
##......P@P...##.....##..8
#......(PPP$.####..8......
#P.#....PPP..###......#...
#.............#.##.......8
#.#..#.......#..##.......
#....###....#.#..#...8..>
#.#......................
#.P.................#...8
#...................##...


You could see an oklob plant.

Vanquished Creatures
  A ghost moth (D:9)
  2 two-headed ogres (D:8)
  Pikel (D:7)
  A black mamba (Lair:2)
  A komodo dragon (Lair:1)
  A hornet (D:9)
  4 hippogriffs
  A spriggan (D:8)
  A vampire (D:9)
  A hungry ghost (D:7)
  5 water moccasins
  4 porcupines
  2 black bears (D:9)
  3 orc warriors
  3 ice beasts
  A sky beast (D:5)
  A slave (D:7)
  A tengu (D:8)
  3 ogres
  2 phantoms
  4 centaurs
  3 crocodiles
  3 big kobolds
  12 bullfrogs
  4 scorpions
  4 killer bees (D:9)
  4 wights (D:6)
  An electric eel (Lair:1)
  5 crimson imps
  A centaur zombie (D:6)
  2 quasits
  6 hounds
  3 centaur skeletons
  2 jellies
  2 orc priests
  An iguana (D:9)
  7 orc wizards
  7 worker ants
  A killer bee zombie (D:8)
  2 hound skeletons
  A hound zombie (D:5)
  A worker ant zombie (D:9)
  10 adders
  A shadow imp (D:6)
  2 oozes
  An adder skeleton (D:6)
  An adder zombie (D:6)
  4 worms
  5 dart slugs
  5 leopard geckos
  32 orcs
  11 bats
  4 giant cockroaches
  4 goblins
  7 hobgoblins
  18 jackals
  5 quokkas
  A ball python (D:4)
  2 frilled lizards
  23 kobolds
  A quokka skeleton (D:3)
  11 rats
  2 bushes
  3 fungi (D:9)
  16 plants
284 creatures vanquished.

Notes
Turn   | Place    | Note
-------+----------+-------------------------------------------
     0 | D:1      | KlarStein the Hill Orc Fighter began the quest for the Orb.
     0 | D:1      | Reached XP level 1. HP: 19/19 MP: 1/1
   258 | D:1      | Reached skill level 3 in Axes
   258 | D:1      | Reached XP level 2. HP: 26/27 MP: 2/2
   944 | D:2      | Reached XP level 3. HP: 31/33 MP: 3/3
   999 | D:2      | Found an opulent altar of Gozag.
  1242 | D:2      | Reached skill level 4 in Axes
  1245 | D:2      | Reached XP level 4. HP: 39/40 MP: 4/4
  1999 | D:3      | Found a glowing silver altar of Zin.
  2331 | D:3      | Reached XP level 5. HP: 47/47 MP: 5/5
  2586 | D:3      | Found a hazy altar of Hepliaklqana.
  2970 | D:4      | Reached skill level 5 in Axes
  3251 | D:4      | Reached XP level 6. HP: 35/53 MP: 6/6
  3289 | D:4      | Found an iron altar of Okawaru.
  3289 | D:4      | Found a shadowy altar of Dithmenos.
  3304 | D:4      | Became a worshipper of Warmaster Okawaru
  3412 | D:4      | Found a staircase to the Ecumenical Temple.
  3425 | Temple   | Entered the Ecumenical Temple
  3842 | D:4      | Found a blossoming altar of Fedhas.
  3864 | D:4      | Noticed a phantom
  3884 | D:4      | Killed a phantom
  3884 | D:4      | Reached skill level 5 in Fighting
  3884 | D:4      | Reached skill level 6 in Axes
  3932 | D:4      | Found Zanim's Antique Armour Boutique.
  3937 | D:4      | Bought a runed helmet for 202 gold pieces
  3951 | D:4      | Found a radiant altar of Vehumet.
  4197 | D:5      | Entered Level 5 of the Dungeon
  4200 | D:5      | Found a bloodstained altar of Trog.
  4243 | D:5      | Noticed a sky beast
  4248 | D:5      | Killed a sky beast
  4248 | D:5      | Reached XP level 7. HP: 52/61 MP: 7/7
  4343 | D:5      | Found an ornate altar of the Wu Jian Council.
  4685 | D:5      | Reached skill level 5 in Shields
  5062 | D:6      | Reached skill level 5 in Armour
  5070 | D:6      | Reached skill level 7 in Axes
  5130 | D:6      | Reached * piety under Okawaru
  5222 | D:6      | Found a burning altar of Makhleb.
  5264 | D:6      | Reached XP level 8. HP: 70/70 MP: 8/8
  5284 | D:6      | Reached skill level 8 in Axes
  5435 | D:6      | Found a shimmering altar of Xom.
  5455 | D:6      | Reached ** piety under Okawaru
  5697 | D:6      | Reached skill level 9 in Axes
  5701 | D:6      | Found an ancient bone altar of Kikubaaqudgha.
  6122 | D:7      | Reached XP level 9. HP: 78/78 MP: 9/9
  6192 | D:7      | Reached skill level 10 in Axes
  6238 | D:7      | Reached *** piety under Okawaru
  6757 | D:7      | Noticed Pikel
  6758 | D:7      | Paralysed by Pikel for 6 turns
  6767 | D:7      | Paralysed by Pikel for 7 turns
  6778 | D:7      | Killed Pikel
  6778 | D:7      | Reached **** piety under Okawaru
  6778 | D:7      | Reached skill level 11 in Axes
  7018 | D:8      | Noticed Psyche
  7019 | D:8      | Noticed Psyche
  7019 | D:8      | Psyche changed into Psyche the tengu
  7025 | D:8      | Killed Psyche the tengu
  7038 | D:7      | Reached XP level 10. HP: 88/88 MP: 10/10
  7066 | D:8      | Found Omussava's Gadget Boutique.
  7084 | D:8      | Noticed a two-headed ogre
  7088 | D:8      | Noticed a two-headed ogre
  7097 | D:8      | Killed a two-headed ogre
  7097 | D:8      | Received a gift from Okawaru
  7104 | D:8      | Killed a two-headed ogre
  7104 | D:8      | Reached skill level 12 in Axes
  7127 | D:8      | Reached ***** piety under Okawaru
  7966 | D:9      | Paralysed by a hornet for 3 turns
  8308 | D:9      | Reached skill level 13 in Axes
  8397 | D:9      | Received a gift from Okawaru
  8409 | D:9      | Reached XP level 11. HP: 82/97 MP: 11/11
  8548 | D:9      | Found a staircase to the Lair.
  8607 | D:9      | Noticed an eight-headed hydra
  8688 | D:9      | an eight-headed hydra changed into something unseen
  8690 | D:9      | Noticed a ghost moth
  8793 | D:9      | Received a gift from Okawaru
  9091 | D:9      | Killed a ghost moth
  9114 | Lair:1   | Entered Level 1 of the Lair of Beasts
  9174 | Lair:1   | Reached skill level 10 in Fighting
  9374 | Lair:1   | Reached skill level 14 in Axes
  9581 | Lair:1   | Received a gift from Okawaru
  9915 | Lair:2   | Noticed an oklob plant
 10735 | Lair:2   | Splashed by an oklob plant's acid

Levels and vault maps discovered:
D:1:      evilmike_arrival_fibonacci_small, layout_loops_ring,
          columned_hall_lemuel
D:2:      layout_basic, nicolae_gozag_cash_rules_everything_around_me
D:3:      layout_basic, zin_statuary, lemuel_round_altar, serial_bayou_crossing
D:4:      layout_basic, nicolae_overflow_hidden_temple, fedhas_altar_4,
          amethyst_overflow_temple_binary, minmay_temple_entry_slanted,
          serial_shops, shop, first_ration, chequers_serial_rivers_room_a
D:5:      layout_loops_corners, lemuel_round_altar, kennysheep_mini_moat
D:6:      layout_loops_ring, marbit_many_paths, overflow_temple_1_default,
          lemuel_doored_altar
D:7:      layout_loops_ring, uniq_pikel
D:8:      layout_basic, serial_shops, shop, grunt_pizzeria, uniq_psyche
D:9:      layout_roguey, grunt_lair_entry_orc_guard_hut, evilmike_minifort
Temple:   jpeg_temple_alley_garden
Lair:1:   layout_regular_city, serial_forest, infiniplex_forest_corner_1,
          infiniplex_forest_zigzag_2, infiniplex_forest_corner_1,
          infiniplex_forest_clump_tiny, infiniplex_forest_pool,
          infiniplex_forest_clump_long, serial_bayou_shore_a,
          lemuel_fruit_fields
Lair:2:   layout_regular_city, minmay_lair_oklob_bushes,
          chequers_serial_rivers_room_b, grunt_megastairs_3

Skill      XL: |  1  2  3  4  5  6  7  8  9 10 11 |
---------------+----------------------------------+-----
Axes           | 3 4 5 6 7 9 11 13 14 | 14.3
Fighting       | 4 5 6 8 9 10 | 10.3
Shields        | 4 5 6 7 8 9 |  9.5
Armour         | 4 5 6 7 8 9 |  9.4

Action                   |  1- 3 |  4- 6 |  7- 9 | 10-12 || total
-------------------------+-------+-------+-------+-------++-------
Melee: War axe           |    93 |   183 |   297 |   407 ||   980
Throw: Dart              |       |     1 |       |       ||     1
Invok: Heroism           |       |       |     1 |     2 ||     3
Evoke: Wand              |       |       |     2 |    30 ||    32
  Use: Scroll            |     6 |     4 |     2 |    12 ||    24
       Potion            |       |       |       |     2 ||     2
  Eat: Chunk             |     1 |     9 |     6 |    10 ||    26
       Ration            |       |       |     2 |     1 ||     3
Armor: Scale mail        |    37 |    17 |       |       ||    54
       Chain mail        |       |    50 |       |    77 ||   127
       Plate armour      |       |     2 |   161 |    77 ||   240
Dodge: Dodged            |    28 |    36 |    42 |    62 ||   168
Block: Shield            |    51 |    61 |   143 |   166 ||   421
